 Dungeon Crawl Stone Soup version 0.27-a0-124-g19cb506db8 (webtiles) character file.

Game seed: 10333619826387797616

7730 lunkers the Fighter (level 11, -2/100 (104) HPs)
             Began as a Hill Orc Hunter on Jan 25, 2021.
             Was a Priest of Okawaru.
             Slain by a five-headed hydra (3 damage)
             ... on level 1 of the Lair of Beasts.
             The game lasted 00:28:10 (15353 turns).

lunkers the Fighter (Hill Orc Hunter)              Turns: 15353, Time: 00:28:11

HP:   -2/100 (104)  AC: 27    Str: 17    XL:     11   Next: 19%
MP:   16/16         EV: 15    Int: 11    God:    Okawaru [***...]
Gold: 402           SH:  0    Dex: 11    Spells: 10/10 levels left

rFire    + . .     SeeInvis .   I - +4 mace "Mudo" {protect, Will+ Str+2}
rCold    . . .     Faith    .   (no shield)
rNeg     + . .     Spirit   .   x - +1 ring mail {Will+}
rPois    .         Reflect  .   (no helmet)
rElec    .         Harm     .   (no cloak)
rCorr    .         Rampage  .   p - +2 pair of gloves
Will     ++...                  (no boots)
Stlth    ++........             (no amulet)
HPRegen  0.26/turn              f - ring of Guylli {rF+ rN+ AC+4 Str-4}
MPRegen  0.15/turn              b - +4 ring of protection

@: mighty, heroism, protection aura, lightly drained
A: no striking features
a: Renounce Religion, Heroism


You were on level 1 of the Lair of Beasts.
You worshipped Okawaru.
Okawaru was most pleased with you.
You visited 3 branches of the dungeon, and saw 13 of its levels.

You collected 482 gold pieces.
You spent 80 gold pieces at shops.

Inventory:

Hand Weapons
 d - a +1 dagger of protection
 w - a +1 short sword of venom
 B - a +1 flail of venom
 E - a +3 morningstar of protection
 I - the +4 mace "Mudo" (weapon) {protect, Will+ Str+2}
   (You found it on level 5 of the Dungeon)

   It grants its wielder temporary protection when it strikes (+7 to AC).
   It affects your strength (+2).
   It affects your willpower, your defense against some magical effects.
Missiles
 c - 6 javelins
 e - a throwing net {=f}
 h - 340 stones
 m - 28 poisoned darts (quivered)
 v - 11 boomerangs
 H - 8 atropa-tipped darts
Armour
 p - a +2 pair of gloves (worn)
 x - a +1 ring mail of willpower (worn)
 C - a +0 chain mail
 K - the +0 chain mail of Cotopren {Int+4 Dex+3 Stlth-}
   (You found it on level 6 of the Dungeon)

   It affects your intelligence (+4).
   It affects your dexterity (+3).
   It makes you less stealthy.
 Q - a +0 plate armour
Jewellery
 b - a +4 ring of protection (right hand)
 f - the ring of Guylli (left hand) {rF+ rN+ AC+4 Str-4}
   (You found it on level 8 of the Dungeon)

   [ring of protection]

   It affects your AC (+4).
   It affects your strength (-4).
   It protects you from fire.
   It protects you from negative energy.
 j - the ring "Peuq" {rElec rN++ rCorr Dex-4 SInv}
   (You found it on level 7 of the Dungeon)

   [ring of resist corrosion]

   It affects your dexterity (-4).
   It insulates you from electricity.
   It greatly protects you from negative energy.
   It lets you see invisible.
   It provides partial protection from all sources of acid and corrosion.
 z - an uncursed ring of flight {unknown}
 D - an uncursed ring of protection from fire
Wands
 g - a wand of flame (18)
 R - a wand of mindburst (9)
 S - a wand of iceblast (8)
Scrolls
 a - a scroll of silence
 k - a scroll of fog
 l - 6 scrolls of remove curse
 n - a scroll of teleportation
 s - a scroll of fear
 y - 2 scrolls of amnesia
 A - 2 scrolls of random uselessness {unknown}
 F - a scroll of enchant weapon
 G - a scroll of acquirement {unknown}
 J - 2 scrolls of magic mapping
 L - a scroll of blinking {unknown}
 P - a scroll of enchant armour {unknown}
Potions
 i - 4 potions of curing
 o - a potion of brilliance
 q - 2 potions of invisibility
 r - 3 potions of magic
 t - a potion of might
 u - a potion of cancellation
 M - a potion of heal wounds
 O - a potion of degeneration {unknown}


   Skills:
 + Level 11.7(16.7) Fighting
 + Level 9.7(14.7) Throwing
 + Level 6.9(11.9) Armour
 + Level 3.9(8.9) Dodging
 - Level 0.7(5.7) Stealth
 + Level 7.9 Invocations


You had 10 spell levels left.
You didn't know any spells.
Your spell library contained the following spells:

 Spells                   Type           Power        Failure   Level
 Confusing Touch          Hex            0%           86%         3
 Gell's Gravitas          Tloc           0%           86%         3
 Petrify                  Tmut/Erth      0%           99%         4
 Bolt of Magma            Conj/Fire/Erth 0%           100%        5
 Iskenderun's Battlesphe  Conj           0%           100%        5
 Metabolic Englaciation   Hex/Ice        0%           100%        5
 Yara's Violent Unravell  Hex/Tmut       0%           100%        5
 Iron Shot                Conj/Erth      0%           100%        6
 Orb of Destruction       Conj           0%           100%        7
 Spellforged Servitor     Conj/Summ      0%           100%        7


Dungeon Overview and Level Annotations

Branches:
Dungeon (11/15)            Temple (1/1) D:7            Lair (1/6) D:11
    Orc (0/2) D:9

Altars:
Ashenzari
Cheibriados
Dithmenos
Elyvilon
Fedhas
Gozag
Hepliaklqana
Kikubaaqudgha
Makhleb
Nemelex Xobeh
Okawaru
Qazlal
Ru
Sif Muna
Trog
Uskayaw
Vehumet
Wu Jian
Xom
Yredelemnul
Zin
The Shining One
Beogh

Shops:
D:5 *   D:8 *=:}=   D:9 =   D:11 =*

Annotations:
D:5 1 runed translucent door, foci's ghost, novice GrGl
D:10 1 runed translucent door


Message History

The five-headed hydra bites you.
* * * LOW HITPOINT WARNING * * *
The five-headed hydra bites you but does no damage. x3
You sock the five-headed hydra!
The five-headed hydra is heavily wounded.
The five-headed hydra bites you but does no damage.
The five-headed hydra bites you!
* * * LOW HITPOINT WARNING * * *
The five-headed hydra closely misses you.
The five-headed hydra bites you but does no damage. x2
Unknown command.
Unknown command.
You sock the five-headed hydra! You punch the five-headed hydra!
The five-headed hydra is almost dead.
The five-headed hydra barely misses you.
The five-headed hydra misses you. The five-headed hydra bites you!
* * * LOW HITPOINT WARNING * * *
The five-headed hydra closely misses you.
The five-headed hydra bites you.
You die...

..............#
.........D...##
##..#.##..^..#
#..####..#### . #..#
#...# F. #..# ##..## ...
###..# ##...# .......
...#.#..###h..## ......#
#......@Dhhh..## ......#
.###...####....# ......#
#...## #...##
......########...#####.#
.......................##
.................######.#
.................# ###
.................#
.....##..P###....#


You could see a five-headed hydra and 4 wolves.

Vanquished Creatures
  2 two-headed ogres
  A manticore (D:11)
  2 vampire mosquitoes (D:11)
  Edmund (D:4)
  A water moccasin (D:7)
  6 orc warriors
  A black bear (D:10)
  3 sky beasts
  5 ice beasts
  An eye of draining (D:10)
  2 ogres
  2 phantoms
  2 centaurs
  A necrophage (D:8)
  A wolf (Lair:1)
  An elf zombie (D:9)
  5 bullfrogs
  A water moccasin zombie (D:7)
  7 scorpions
  6 killer bees (D:7)
  15 wights
  A howler monkey (D:11)
  A centaur zombie (D:9)
  A bullfrog zombie (D:10)
  6 human zombies (D:9)
  A hound (D:9)
  A gnoll shaman (D:8)
  5 orc priests
  2 human skeletons (D:9)
  3 jellies
  7 orc wizards
  2 bullfrog skeletons
  5 iguanas
  5 worker ants
  Natasha (thrice) (D:2)
  A killer bee zombie (D:7)
  A hound zombie (D:8)
  3 hound skeletons
  2 worker ant zombies
  6 gnolls
  A howler monkey skeleton (D:7)
  18 adders
  A shadow imp (D:10)
  4 white imps
  4 ufetubi
  3 oozes
  5 worms
  2 dart slugs (D:2)
  4 leopard geckos
  35 orcs
  2 ball pythons (D:3)
  4 giant cockroaches
  7 goblins
  11 hobgoblins
  8 jackals
  3 quokkas
  7 bats
  5 frilled lizards
  A jackal skeleton (D:4)
  7 kobolds
  A leopard gecko skeleton (D:8)
  A leopard gecko zombie (D:8)
  An orc zombie (D:9)
  10 rats
267 creatures vanquished.

Vanquished Creatures (others)
  An unseen horror (D:11)
  An orc wizard (D:3)
2 creatures vanquished.

Grand Total: 269 creatures vanquished

Notes
Turn   | Place    | Note
-------+----------+-------------------------------------------
     0 | D:1      | lunkers the Hill Orc Hunter began the quest for the Orb.
     0 | D:1      | Reached XP level 1. HP: 18/18 MP: 1/1
    86 | D:1      | Reached skill level 3 in Fighting
    86 | D:1      | Reached XP level 2. HP: 4/26 MP: 2/2
   698 | D:1      | Reached XP level 3. HP: 22/31 MP: 3/3
  1579 | D:2      | Reached XP level 4. HP: 40/40 MP: 4/4
  1647 | D:2      | Reached skill level 4 in Fighting
  1962 | D:2      | Noticed Natasha
  1971 | D:2      | Killed Natasha
  2251 | D:2      | Noticed Natasha
  2255 | D:2      | Reached XP level 5. HP: 42/47 MP: 5/5
  2289 | D:2      | Killed Natasha
  2353 | D:2      | Noticed Natasha
  2359 | D:2      | Killed Natasha
  2360 | D:2      | Reached skill level 5 in Fighting
  2525 | D:2      | Reached skill level 5 in Throwing
  3163 | D:3      | Reached XP level 6. HP: 56/56 MP: 6/6
  4018 | D:4      | Noticed Edmund
  4034 | D:4      | Killed Edmund
  4035 | D:4      | Reached skill level 6 in Fighting
  4035 | D:4      | Reached XP level 7. HP: 53/64 MP: 7/7
  4644 | D:5      | Entered Level 5 of the Dungeon
  4644 | D:5      | Found a shadowy altar of Dithmenos.
  4679 | D:5      | Reached skill level 7 in Fighting
  4883 | D:5      | Got a crude mace
  4886 | D:5      | Identified the +4 mace "Mudo" {protect, Will+ Str+2} (You
                  | found it on level 5 of the Dungeon)
  5072 | D:5      | Found a runed translucent door.
  5074 | D:5      | Noticed foci's ghost (novice GrGl)
  5155 | D:5      | Reached XP level 8. HP: 58/74 MP: 8/8
  5340 | D:5      | Found Vetwalu's Mayhem Merchandise.
  5510 | D:5      | Reached skill level 8 in Fighting
  6388 | D:6      | Got a heavily runed chain mail
  6411 | D:6      | Identified the cursed +0 chain mail of Cotopren {Int+4
                  | Dex+3 Stlth-} (You found it on level 6 of the Dungeon)
  6737 | D:7      | Reached skill level 1 in Armour
  6762 | D:7      | HP: 1/77 [killer bee zombie (6)]
  7244 | D:7      | Reached skill level 9 in Fighting
  7435 | D:7      | Reached XP level 9. HP: 56/83 MP: 9/9
  7768 | D:7      | Got a steaming lapis lazuli ring
  7770 | D:7      | Identified the ring "Peuq" {rElec rN++ rCorr Dex-4 SInv}
                  | (You found it on level 7 of the Dungeon)
  7897 | D:7      | Found a staircase to the Ecumenical Temple.
  8014 | Temple   | Entered the Ecumenical Temple
  8254 | Temple   | Became a worshipper of Warmaster Okawaru
  8500 | D:7      | Reached skill level 1 in Invocations
  9046 | D:8      | Found Azaog's Assorted Antiques.
  9165 | D:8      | Got a glittering pewter ring
  9303 | D:8      | Found a burning altar of Makhleb.
  9630 | D:8      | Reached skill level 10 in Fighting
  9891 | D:8      | Found Soxy's Gadget Shoppe.
  9904 | D:8      | Found Jiwock's Book Emporium.
  9971 | D:8      | Found Zimum's Jewellery Shoppe.
 10186 | D:8      | Reached skill level 5 in Armour
 10254 | D:8      | Found Daamm's Jewellery Shop.
 10537 | D:9      | Identified the ring of Guylli {rF+ rN+ AC+4 Str-4} (You
                  | found it on level 8 of the Dungeon)
 10586 | D:8      | Reached * piety under Okawaru
 10956 | D:9      | Reached skill level 5 in Invocations
 10956 | D:9      | Reached XP level 10. HP: 69/91 MP: 13/13
 11339 | D:9      | Found a staircase to the Orcish Mines.
 11565 | D:9      | Found a roughly hewn altar of Beogh.
 11795 | D:9      | Found Qimmus's Jewellery Shoppe.
 12408 | D:9      | Found an ancient bone altar of Kikubaaqudgha.
 12545 | D:9      | Noticed a two-headed ogre
 12555 | D:9      | Killed a two-headed ogre
 12555 | D:9      | Reached ** piety under Okawaru
 12556 | D:9      | Reached skill level 11 in Fighting
 12639 | D:10     | Entered Level 10 of the Dungeon
 12667 | D:10     | Noticed a two-headed ogre
 12687 | D:10     | Killed a two-headed ogre
 13023 | D:10     | Reached *** piety under Okawaru
 13136 | D:10     | Found a runed translucent door.
 13711 | D:10     | Noticed a fire crab
 13754 | D:11     | Found Figitsik's Assorted Antiques.
 13780 | D:11     | Bought 2 smoky puce potions for 39 gold pieces
 13780 | D:11     | Bought a pink potion for 19 gold pieces
 13780 | D:11     | Bought a scroll labelled KAIMITR UZAICW for 22 gold pieces
 13880 | D:11     | Found a staircase to the Lair.
 13906 | D:11     | Found Locrosor's Jewellery Shop.
 13920 | D:11     | Noticed a manticore
 13930 | D:11     | Killed an unseen horror
 13938 | D:11     | Killed a manticore
 13939 | D:11     | Reached XP level 11. HP: 67/102 MP: 16/16
 15248 | Lair:1   | Entered Level 1 of the Lair of Beasts
 15313 | Lair:1   | Noticed a five-headed hydra
 15353 | Lair:1   | HP: 1/100 [five-headed hydra (7)]
 15353 | Lair:1   | Slain by a five-headed hydra

Illustrated notes

Levels and vault maps discovered:
D:1:      dpeg_arrival_rooms_c, layout_rooms, serial_aquarium,
          aquarium_bridge_long_separate [aquarium_subvault_wall,
          aquarium_subvault_bridge, aquarium_subvault_bridge,
          aquarium_subvault_balcony, aquarium_subvault_bridge,
          aquarium_subvault_bridge], aquarium_bridge_square
          [aquarium_subvault_bridge, aquarium_subvault_wall,
          aquarium_subvault_bridge, aquarium_subvault_window],
          aquarium_window_1, aquarium_window_2, aquarium_view_2d,
          aquarium_view_2c, aquarium_pool_corner
D:2:      layout_loops_corners, uniq_natasha
D:3:      layout_basic
D:4:      layout_loops_cross, minmay_checkerbox, uniq_edmund
D:5:      layout_loops_corners, gammafunk_ghost_grave, basic_altar,
          minmay_shop_mayhem
D:6:      wander_river, layout_basic
D:7:      layout_loops_ring, minmay_temple_entry_butterflies
D:8:      layout_loops_ring, old_standard_altar, serial_shops,
          kennysheep_little_box, kennysheep_mini, shop,
          nicolae_shop_statue_plus, nicolae_shop_overgrown_old_shop
D:9:      layout_loops_ring, minmay_orc_entry_temple_small, serial_shops,
          nicolae_shop_statue_plus, hangedman_decor_riveting,
          minmay_misc_feat_alley, minmay_misc_feat_rows,
          lemuel_mausoleum_altar_kikubaaqudgha
D:10:     gammafunk_mikee_crab_dinner, layout_rooms
D:11:     layout_cave_pods, lair_entry_dummy, serial_shops, shop,
          nicolae_shop_stone, serial_column_ruins, column_ruins_square_large,
          column_ruins_hut, column_ruins_corridor_straight,
          column_ruins_open_tiny, column_ruins_open_tiny, column_ruins_grid_1,
          column_ruins_grid_4, column_ruins_open_small
Temple:   nicolae_temple_the_god_donut
Lair:1:   layout_gridlike, zaba_anthole

Skill      XL: |  1  2  3  4  5  6  7  8  9 10 |
---------------+-------------------------------+-----
Fighting       | 3 4 5 6 7 9 10 11 | 11.7
Throwing       | 4 5 6 7 8 9 |  9.7
Armour         | 3 5 6 |  6.9
Invocations    | 5 7 |  7.9
Dodging        | 3 |  3.9
Stealth        | |  0.7

Action                   |  1- 3 |  4- 6 |  7- 9 | 10-12 || total
-------------------------+-------+-------+-------+-------++-------
Melee: Dagger            |   126 |   191 |       |       ||   317
       Short sword       |    14 |    76 |       |       ||    90
       Morningstar       |       |    12 |    45 |       ||    57
       Mace              |       |       |   469 |   509 ||   978
       Punch             |       |       |     1 |     5 ||     6
Throw: Throwing net      |     4 |     1 |       |       ||     5
       Stone             |     6 |       |       |       ||     6
       Javelin           |     7 |       |       |       ||     7
       Dart              |    22 |   106 |    44 |    27 ||   199
Invok: Heroism           |       |       |     1 |     6 ||     7
Evoke: Wand              |       |       |     5 |       ||     5
  Use: Scroll            |       |       |    18 |     2 ||    20
       Potion            |       |       |     6 |     1 ||     7
 Stab: Held in net/web   |       |     1 |       |       ||     1
Armor: Leather armour    |    66 |       |       |       ||    66
       Ring mail         |       |    97 |   371 |   370 ||   838
       Skin              |       |       |    57 |       ||    57
Dodge: Dodged            |    88 |   143 |   373 |   427 ||  1031

Table legend: (Time is in decaauts)
 A = Elapsed time spent in this place.
 B = Non-inter-level travel time spent in this place.
 C = Inter-level travel time spent in this place.
 D = Time resting spent in this place.
 E = Time spent auto-exploring this place.
 F = Levels seen in this place.
 G = Mean time per level.
                   A        B        C        D        E       F      G
               +--------+--------+--------+--------+--------+-----+--------+
         Total |  15748 |  15288 |    460 |   2018 |   9777 |  13 | 1211.4 |
       Dungeon |  15389 |  14951 |    438 |   2018 |   9544 |  11 | 1399.0 |
        Temple |    251 |    234 |     17 |      0 |    233 |   1 |  251.0 |
          Lair |    107 |    103 |      4 |      0 |      0 |   1 |  107.0 |
               +--------+--------+--------+--------+--------+-----+--------+

Top non-repeatable levels by time:
     D:7: 2358 daAuts
     D:9: 2108 daAuts
     D:8: 1844 daAuts
     D:2: 1792 daAuts
    D:11: 1544 daAuts
     D:5: 1206 daAuts
     D:1: 1072 daAuts
     D:4: 913 daAuts
    D:10: 906 daAuts
     D:3: 868 daAuts
     D:6: 773 daAuts
  Temple: 251 daAuts
  Lair:1: 107 daAuts
